 Dungeon Crawl Stone Soup version 0.30-a0-534-gdc55766716 (webtiles) character file.

Game seed: 5002262528626939866

974 bande the Chopper (level 8, 0/48 HPs)
             Began as a Gargoyle Fighter on Dec 25, 2022.
             Slain by a killer bee (7 damage)
             ... on level 5 of the Dungeon.
             The game lasted 00:07:15 (4146 turns).

bande the Chopper (Gargoyle Fighter)                Turns: 4146, Time: 00:07:15

Health: 0/48       AC: 17    Str: 21    XL:     8   Next: 16%
Magic:  8/8        EV:  9    Int:  8    God:
Gold:   222        SH:  4    Dex: 11    Spells: 7/7 levels left

rFire   . . .      SeeInvis .    a - +1 war axe
rCold   . . .      Faith    +    c - +0 buckler
rNeg    + . .      Spirit   .    b - +0 scale mail
rPois   ∞          Reflect  .    (no helmet)
rElec   +          Harm     .    (no cloak)
rCorr   .          Rampage  .    l - +2 pair of gloves
Will    .....                    r - +0 pair of boots Stlth
                                 q - amulet of faith
HPRegen 0.28/turn                (no ring)
MPRegen 0.11/turn                (no ring)

@: no status effects
A: sickness immunity, AC +5, negative energy resistance 1, electricity
resistance, torment resistance 1, petrification resistance
a: no special abilities


You were on level 5 of the Dungeon.
You visited 1 branch of the dungeon, and saw 5 of its levels.

You collected 222 gold pieces.

Inventory:

Hand Weapons
 a - a +1 war axe (weapon)
Armour
 b - a +0 scale mail (worn)
 c - a +0 buckler (worn)
 l - a +2 pair of gloves (worn)
 r - a +0 pair of boots (worn)
Jewellery
 n - a ring of fire
 q - an amulet of faith (around neck)
Wands
 o - a wand of mindburst (6)
Scrolls
 e - 2 scrolls of enchant weapon
 f - a scroll of identify
 g - 2 scrolls of teleportation
 h - a scroll of fear
Potions
 d - a potion of might
 j - a potion of brilliance
 t - a potion of lignification {unknown}
 u - a potion of haste {unknown}
 v - 2 potions of curing


   Skills:
 + Level 4.5 Fighting
 + Level 5.9 Axes
 + Level 5.7 Armour
 + Level 4.3 Shields
 * Level 2.8 Evocations


You had 7 spell levels left.
You didn't know any spells.
Your spell library contained the following spells:

 Spells                   Type           Power      Damage    Failure   Level
 Apportation              Tloc           0%         N/A       82%         1
 Freeze                   Ice            0%         1d3       82%         1
 Poisonous Vapours        Pois/Air       0%         N/A       91%         2
 Frozen Ramparts          Ice            0%         1d1       99%         3
 Hailstorm                Conj/Ice       0%         3d3       99%         3
 Mephitic Cloud           Conj/Pois/Air  0%         N/A       99%         3
 Petrify                  Tmut/Erth      0%         N/A       100%        4
 Alistair's Intoxication  Tmut/Pois      0%         N/A       100%        5
 Irradiate                Conj/Tmut      0%         3d11      100%        5
 Chain Lightning          Conj/Air       0%         N/A       100%        9
 Fire Storm               Conj/Fire      0%         5d1       100%        9
 Shatter                  Erth           0%         3d5*      100%        9
 Cigotuvi's Dreadful Rot  Necr/Pois/Air  Unusable   N/A       N/A         2
 Sublimation of Blood     Necr           Unusable   N/A       N/A         2

Dungeon Overview and Level Annotations

Branches:
Dungeon (5/15)
 Temple: D:4-7

Altars:
Cheibriados
Dithmenos
Elyvilon

Shops:
D:5 [


Innate Abilities, Weirdness & Mutations

You are immune to sickness and miasma.
Your stone body is resilient. (AC +5)
You are immune to poison.
You resist negative energy. (rN+)
You are resistant to electric shocks. (rElec)
You are resistant to unholy torment.
You are immune to petrification.


Message History

The killer bee misses you.
Unknown command.
You closely miss the killer bee. You miss the killer bee.
The killer bee misses you. The killer bee barely misses you.
The killer bee stings you but does no damage.
You block the killer bee's attack. The killer bee completely misses you.
The killer bee stings you but does no damage.
Unknown command.
You closely miss the killer bee. You slash the killer bee!
The killer bee stings you.
* * * LOW HITPOINT WARNING * * *
The killer bee barely misses you.
The killer bee stings you but does no damage.
The killer bee barely misses you.
Unknown command.
You closely miss the killer bee. You hit the killer bee.
The killer bee stings you but does no damage. x2
The killer bee barely misses you.
The killer bee stings you but does no damage. x2
The killer bee misses you.
You miss the killer bee. You completely miss the killer bee.
The killer bee stings you but does no damage. x3
The killer bee barely misses you.
Unknown command.
Unknown command.
You closely miss the killer bee. You hit the killer bee.
You kill the killer bee!
The killer bee stings you but does no damage. x2
You block the killer bee's attack.
You barely miss the killer bee. The killer bee misses you.
You block the killer bee's attack.
Unknown command.
You miss the killer bee. The killer bee completely misses you.
The killer bee stings you but does no damage.
Unknown command.
You closely miss the killer bee. The killer bee stings you.
* * * LOW HITPOINT WARNING * * *
The killer bee stings you but does no damage.
The killer bee stings you!
You die...

.....#
########..........#
.......# #..........#
.#.#...# #########'##
.......# #.# ...#.....
#.# ......... #.#
.#.#.#...#### #.# ..
..$....##### #.# ..
#.......y@# #.#
#.......#†# #)#
#.#.#...#.# #.#
.......#.# #.#
#...#...#.# #.#
........y#.############.#
...#####.#..............#
#.. ..################ #.
..#


You could see a killer bee.

Vanquished Creatures
  A water moccasin (D:3)
  2 phantoms (D:5)
  A bullfrog (D:4)
  A scorpion (D:5)
  A water moccasin skeleton (D:5)
  4 killer bees (D:5)
  A jelly (D:5)
  A hound (D:4)
  An iguana (D:5)
  4 hound zombies (D:5)
  A hound skeleton (D:5)
  2 howler monkey zombies (D:5)
  3 gnolls (D:4)
  6 adders
  2 adder zombies (D:5)
  A worm (D:3)
  4 dart slugs
  An orc (D:3)
  9 bats
  7 endoplasms
  2 giant cockroaches
  7 goblins
  9 hobgoblins
  9 jackals
  2 quokkas
  7 ball pythons
  4 frilled lizards
  6 kobolds
  7 rats
106 creatures vanquished.

Vanquished Creatures (others)
  A withered plant (D:5)
1 creature vanquished.

Grand Total: 107 creatures vanquished

Notes
Turn   | Place    | Note
-------+----------+-------------------------------------------
     0 | D:1      | bande the Gargoyle Fighter began the quest for the Orb.
     0 | D:1      | Reached XP level 1. HP: 14/14 MP: 1/1
    97 | D:1      | Reached XP level 2. HP: 16/19 MP: 2/2
   395 | D:1      | Reached XP level 3. HP: 20/23 MP: 3/3
  1338 | D:2      | You fall into a shaft and drop 2 floors!
  1372 | D:4      | Reached XP level 4. HP: 16/28 MP: 4/4
  1506 | D:4      | Noticed a bullfrog
  1518 | D:4      | Killed a bullfrog
  1519 | D:4      | Reached XP level 5. HP: 23/33 MP: 5/5
  1913 | D:3      | Noticed a water moccasin
  1929 | D:3      | Killed a water moccasin
  1930 | D:3      | Reached skill level 1 in Evocations
  1930 | D:3      | Reached XP level 6. HP: 34/38 MP: 6/6
  2464 | D:3      | Reached skill level 5 in Armour
  2793 | D:4      | Found a shadowy altar of Dithmenos.
  2796 | D:4      | Found a snail-covered altar of Cheibriados.
  2799 | D:4      | Found a white marble altar of Elyvilon.
  3311 | D:5      | Entered Level 5 of the Dungeon
  3319 | D:5      | Reached XP level 7. HP: 39/43 MP: 7/7
  3737 | D:5      | Found Wanievu Mioch's Antique Armour Emporium.
  3840 | D:5      | Reached skill level 5 in Axes
  4126 | D:5      | Reached XP level 8. HP: 21/48 MP: 8/8
  4146 | D:5      | Slain by a killer bee

Illustrated notes

Levels and vault maps discovered:
D:1:      giann_forest_graveyard, layout_basic, st_stairs_10
D:2:      layout_loops_cross
D:3:      minmay_inner_zag, layout_basic
D:4:      layout_cave_pools, grunt_temple_overflow_diamond,
          chequers_serial_rivers_large_b, hangedman_feature_mirror
D:5:      layout_basic, serial_undead, serial_undead_c, serial_undead_b,
          serial_undead_d, serial_undead_c, serial_undead_f, serial_undead_f,
          serial_shops, shop, hangedman_decor_lopped

Skill      XL: |  1  2  3  4  5  6  7 |
---------------+----------------------+-----
Axes           | 2 3 4 5 |  5.9
Armour         | 4 5 |  5.7
Evocations     | 1 2 |  2.8
Fighting       | 4 |  4.5
Shields        | 4 |  4.3

Action                   |  1- 3 |  4- 6 |  7- 9 || total
-------------------------+-------+-------+-------++-------
Melee: War axe           |    92 |   157 |    92 ||   341
  Use: Scroll            |       |       |    12 ||    12
       Potion            |       |       |     1 ||     1
Armor: Scale mail        |    69 |   101 |    97 ||   267
Dodge: Dodged            |    61 |    92 |    99 ||   252
Block: Buckler           |    31 |    50 |    28 ||   109

Table legend: (Time is in decaauts)
 A = Elapsed time spent in this place.
 B = Non-inter-level travel time spent in this place.
 C = Inter-level travel time spent in this place.
 D = Time resting spent in this place.
 E = Time spent auto-exploring this place.
 F = Levels seen in this place.
 G = Mean time per level.
                   A        B        C        D        E       F      G
               +--------+--------+--------+--------+--------+-----+--------+
         Total |   4297 |   4175 |    122 |    415 |   2865 |   5 |  859.4 |
       Dungeon |   4297 |   4175 |    122 |    415 |   2865 |   5 |  859.4 |
               +--------+--------+--------+--------+--------+-----+--------+

Top non-repeatable levels by time:
     D:3: 957 daAuts
     D:4: 937 daAuts
     D:1: 907 daAuts
     D:5: 864 daAuts
     D:2: 629 daAuts
